 Dungeon Crawl Stone Soup version 0.23.2-30-g0e89c35649 (webtiles) character file.

Game seed: 15397455763389263752

144 Mrkan the Chucker (level 5, 0/55 HPs)
             Began as an Ogre Hunter on June 24, 2019.
             Killed by nerve-wracking pain
             ... invoked by an orc priest
              (2 damage)
             ... on level 3 of the Dungeon.
             The game lasted 00:06:42 (2489 turns).

Mrkan the Chucker (Ogre Hunter)                     Turns: 2489, Time: 00:06:43

Health: 0/55       AC:  3    Str: 17    XL:     5   Next: 26%
Magic:  5/5        EV: 10    Int: 12    God:
Gold:   136        SH:  0    Dex:  9    Spells: 4/4 levels left

rFire    . . .     SeeInvis .   j - +0 club
rCold    . . .     Gourm    .   (no shield)
rNeg     . . .     Faith    .   b - +0 robe
rPois    .         Spirit   .   (helmet restricted)
rElec    .         Reflect  .   (no cloak)
rCorr    .         Harm     .   (gloves unavailable)
MR       .....                  (boots unavailable)
Stlth    +.........             (no amulet)
HPRegen  0.18/turn              (no ring)
MPRegen  0.09/turn              (no ring)

@: no status effects
A: large, unfitting armour, tough skin 1
a: no special abilities


You were on level 3 of the Dungeon.
You were very hungry.

You visited 1 branch of the dungeon, and saw 3 of its levels.

You collected 136 gold pieces.

Inventory:

Hand Weapons
 a - a +0 club
 j - a +0 club (weapon)
 p - a +0 morningstar
Missiles
 c - 4 large rocks (quivered)
 h - 80 stones
Armour
 b - a +0 robe (worn)
Scrolls
 e - 4 scrolls of enchant weapon {unknown}
 g - 5 scrolls of identify {unknown}
 i - a scroll of teleportation {unknown}
 k - 2 scrolls of magic mapping {unknown}
 l - a scroll of fog {unknown}
Potions
 d - a potion of heal wounds {unknown}
 m - a potion of resistance {unknown}
 o - a potion of agility {unknown}
Comestibles
 f - 4 rations
 n - 2 chunks of flesh


   Skills:
 + Level 4.5 Fighting
 * Level 5.7 Throwing
 - Level 1.7 Dodging
 - Level 0.6 Stealth


You had 4 spell levels left.
You didn't know any spells.
Your spell library was empty.

Dungeon Overview and Level Annotations

Branches:
Dungeon (3/15)

Altars:
Wu Jian


Innate Abilities, Weirdness & Mutations

You are too large for most types of armour.
You have tough skin. (AC +1)


Message History

You are no longer poisoned.
h - 80 stones (gained 26)
c - 3 large rocks (gained 1) 2 orcs and an orc priest come into view.
The orc shouts!
The orc priest shouts!
An orc comes into view. It is wielding a +0 flail.
An orc comes into view. It is wielding a +0 club.
The orc shouts! x2
Things that are here:
a large rock; a stone
c - 4 large rocks (gained 1)
The orc priest calls down the wrath of Beogh upon you.
Beogh smites you!
* * * LOW HITPOINT WARNING * * *
The orc priest mumbles some strange prayers to Beogh against you.
Pain shoots through your body!
* * * LOW HITPOINT WARNING * * *
The orc priest invokes the aid of Beogh against you.
Pain shoots through your body!
You die...

########
##......##
##........##
#..........#
#..........#
#......@..<#
#...o......#
#..........#
##o.......##
.#(o..[.)÷.##
......o......÷...#
.o....o.......†..#
.................#
#.....#........(.#


You could see an orc priest and 4 orcs.

Vanquished Creatures
  6 gnolls (D:2)
  3 adders
  2 dart slugs
  3 leopard geckos
  An orc (D:3)
  A giant cockroach (D:1)
  5 goblins
  5 hobgoblins
  2 jackals (D:1)
  A quokka (D:2)
  A ball python (D:1)
  9 bats
  5 frilled lizards
  7 kobolds
  7 rats
58 creatures vanquished.

Notes
Turn   | Place    | Note
-------+----------+-------------------------------------------
     0 | D:1      | Mrkan the Ogre Hunter began the quest for the Orb.
     0 | D:1      | Reached XP level 1. HP: 22/22 MP: 1/1
   156 | D:1      | Reached XP level 2. HP: 28/31 MP: 2/2
  1065 | D:1      | Reached XP level 3. HP: 35/37 MP: 3/3
  1206 | D:2      | Found an ornate altar of the Wu Jian Council.
  1322 | D:2      | Reached skill level 5 in Throwing
  1455 | D:2      | Reached XP level 4. HP: 33/48 MP: 4/4
  1657 | D:2      | Reached XP level 5. HP: 17/55 MP: 5/5
  2486 | D:3      | HP: 2/55 [orc priest/nerve-wracking pain (3)]
  2489 | D:3      | Killed from afar by an orc priest

Skill      XL: |  1  2  3  4 |
---------------+-------------+-----
Fighting       | 3 4 |  4.5
Throwing       | 5 |  5.7
Dodging        | |  1.7
Stealth        | |  0.6

Action                   |  1- 3 |  4- 6 || total
-------------------------+-------+-------++-------
Melee: Short sword       |     8 |       ||     8
       Club              |    90 |    54 ||   144
Throw: Large rock        |     6 |    22 ||    28
       Stone             |    56 |    10 ||    66
       Throwing net      |       |     3 ||     3
  Use: Potion            |     1 |       ||     1
 Stab: Sleeping          |     1 |       ||     1
  Eat: Chunk             |     2 |     2 ||     4
Armor: Robe              |    50 |    31 ||    81
Dodge: Dodged            |    93 |    59 ||   152
